TOP OF THE 1ST |
---|
St. Louis Cardinals batting - Pitching for San Diego Padres : LHP Mike Minor | Pitching: LHP Mike Minor | | Batting: SHB Ozzie Albies | 0-0: Foul Ball, location: 2F 0-1: Ground out 1-3 (Groundball, 34S) | Batting: RHB Alex Bregman | 0-0: Fly out, F8 (Flyball, 8RD) | Batting: RHB Jose Alberto Martinez | 0-0: Foul Ball, location: 2F 0-1: Called Strike 0-2: Ball 1-2: Ball 2-2: Fly out, F7 (Flyball, 7) | Top of the 1st over - 0 runs, 0 hits, 0 errors, 0 left on base; St. Louis 0 - San Diego 0 | BOTTOM OF THE 1ST |
---|
San Diego Padres batting - Pitching for St. Louis Cardinals : RHP Chris Bassitt | Pitching: RHP Chris Bassitt | | Batting: RHB Jose Altuve | 0-0: Ball 1-0: Called Strike 1-1: Ball 2-1: Ball 3-1: Called Strike 3-2: Fly out, F8 (Flyball, 8LM) | Batting: SHB Carlos Santana | 0-0: Ball 1-0: Called Strike 1-1: Ground out 4-3 (Groundball, 4) | Batting: RHB Mitch Haniger | 0-0: Fly out, F9 (Flyball, 9) | Bottom of the 1st over - 0 runs, 0 hits, 0 errors, 0 left on base; St. Louis 0 - San Diego 0 | TOP OF THE 2ND |
---|
St. Louis Cardinals batting - Pitching for San Diego Padres : LHP Mike Minor | Batting: LHB Alex Avila | 0-0: Swinging Strike 0-1: Foul Ball, location: 2F 0-2: Strikes out looking | Batting: RHB Harrison Bader | 0-0: Called Strike 0-1: Ground out 5-3 (Groundball, 56) | Batting: LHB Brett Phillips | 0-0: Called Strike 0-1: Called Strike 0-2: Ball 1-2: Foul Ball, location: 2F 1-2: Ball 2-2: Ball 3-2: Strikes out swinging | Top of the 2nd over - 0 runs, 0 hits, 0 errors, 0 left on base; St. Louis 0 - San Diego 0 | BOTTOM OF THE 2ND |
---|
San Diego Padres batting - Pitching for St. Louis Cardinals : RHP Chris Bassitt | Batting: LHB Mike Moustakas | 0-0: Called Strike 0-1: Foul Ball, location: 2F 0-2: Ball 1-2: Fly out, F8 (Flyball, 8RD) | Batting: LHB David Peralta | 0-0: Ball 1-0: Foul Ball, location: 2F 1-1: Foul Ball, location: 2F 1-2: Strikes out swinging | Batting: RHB Byron Buxton | 0-0: Ball 1-0: Ball 2-0: Ball 3-0: Base on Balls | Batting: RHB Russell Martin | 0-0: Ball 1-0: Ball 2-0: Called Strike 2-1: Foul Ball, location: 2F 2-2: Foul Ball, location: 2F 2-2: Foul Ball, location: 2F 2-2: Strikes out swinging | Bottom of the 2nd over - 0 runs, 0 hits, 0 errors, 1 left on base; St. Louis 0 - San Diego 0 | TOP OF THE 3RD |
---|
St. Louis Cardinals batting - Pitching for San Diego Padres : LHP Mike Minor | Batting: RHB Yan Gomes | 0-0: Ball 1-0: Foul Ball, location: 2F 1-1: Foul Ball, location: 2F 1-2: Ball 2-2: Fly out, F8 (Line Drive, 8LM) | Batting: RHB Adeiny Hechavarria | 0-0: SINGLE (Line Drive, 9LS) | Batting: RHB Chris Bassitt | 0-0: Sac Bunt - play at second, runner OUT! 1-6 | Batting: SHB Ozzie Albies | 0-0: Ball 1-0: Ball 2-0: Ground out 4-3 (Groundball, 34) | Top of the 3rd over - 0 runs, 1 hit, 0 errors, 1 left on base; St. Louis 0 - San Diego 0 | BOTTOM OF THE 3RD |
---|
San Diego Padres batting - Pitching for St. Louis Cardinals : RHP Chris Bassitt | Batting: RHB Christian Arroyo | 0-0: Called Strike 0-1: Ball 1-1: Foul Ball, location: 2F 1-2: Ball 2-2: Foul Ball, location: 2F 2-2: Foul Ball, location: 2F 2-2: Ball 3-2: Base on Balls | Batting: RHB Mike Minor | 0-0: Sac Bunt - play at first, batter OUT! 5-4 Christian Arroyo to second | Batting: RHB Jose Altuve | 0-0: Ball 1-0: Ball 2-0: Ball 3-0: Base on Balls | Batting: SHB Carlos Santana | 0-0: Called Strike Christian Arroyo steals 3rd base Jose Altuve to second 0-1: Ball 1-1: Ball 2-1: Ball 3-1: Foul Ball, location: 2F 3-2: Base on Balls | Batting: RHB Mitch Haniger | 0-0: Ball 1-0: Ball 2-0: Foul Ball, location: 2F 2-1: Ball 3-1: Swinging Strike 3-2: Base on Balls Christian Arroyo scores Jose Altuve to third Carlos Santana to second | Batting: LHB Mike Moustakas | 0-0: Called Strike 0-1: Called Strike 0-2: Grounds into double play, 4-6-3 (Groundball, 4) | Bottom of the 3rd over - 1 run, 0 hits, 0 errors, 2 left on base; St. Louis 0 - San Diego 1 | TOP OF THE 4TH |
---|
St. Louis Cardinals batting - Pitching for San Diego Padres : LHP Mike Minor | Batting: RHB Alex Bregman | 0-0: Foul Ball, location: 2F 0-1: Ball 1-1: Swinging Strike 1-2: Ball 2-2: Strikes out looking | Batting: RHB Jose Alberto Martinez | 0-0: Called Strike 0-1: Ball 1-1: Ball 2-1: Ball 3-1: Base on Balls | Batting: LHB Alex Avila | 0-0: Ball 1-0: Called Strike 1-1: Called Strike 1-2: Strikes out swinging | Batting: RHB Harrison Bader | 0-0: Foul Ball, location: 2F 0-1: Ball 1-1: Called Strike 1-2: Ball 2-2: Ball 3-2: Base on Balls Jose Alberto Martinez to second | Batting: LHB Brett Phillips | 0-0: Ball 1-0: Called Strike 1-1: Foul Ball, location: 2F 1-2: Ground out 1-3 (Groundball, P) | Top of the 4th over - 0 runs, 0 hits, 0 errors, 2 left on base; St. Louis 0 - San Diego 1 | BOTTOM OF THE 4TH |
---|
San Diego Padres batting - Pitching for St. Louis Cardinals : RHP Chris Bassitt | Batting: LHB David Peralta | 0-0: Foul Ball, location: 2F 0-1: Ball 1-1: Foul Ball, location: 2F 1-2: Strikes out swinging, 2-3 out at first. | Batting: RHB Byron Buxton | 0-0: Ground out 1-3 (Groundball, P) | Batting: RHB Russell Martin | 0-0: Ball 1-0: Fly out, F8 (Flyball, 8RXD) | Bottom of the 4th over - 0 runs, 0 hits, 0 errors, 0 left on base; St. Louis 0 - San Diego 1 | TOP OF THE 5TH |
---|
St. Louis Cardinals batting - Pitching for San Diego Padres : LHP Mike Minor | Batting: RHB Yan Gomes | 0-0: Called Strike 0-1: Ball 1-1: Called Strike 1-2: Strikes out swinging | Batting: RHB Adeiny Hechavarria | 0-0: Called Strike 0-1: SINGLE (Line Drive, 34D) | Batting: RHB Chris Bassitt | 0-0: Ball 1-0: Sac Bunt - play at first, batter OUT! 5-4 Adeiny Hechavarria to second | Batting: SHB Ozzie Albies | 0-0: Called Strike 0-1: Ball 1-1: Fly out, F4 (Popup, 3S) | Top of the 5th over - 0 runs, 1 hit, 0 errors, 1 left on base; St. Louis 0 - San Diego 1 | BOTTOM OF THE 5TH |
---|
San Diego Padres batting - Pitching for St. Louis Cardinals : RHP Chris Bassitt | Batting: RHB Christian Arroyo | 0-0: Called Strike 0-1: Swinging Strike 0-2: Ground out 5-3 (Groundball, 56) | Batting: RHB Mike Minor | 0-0: Called Strike 0-1: Ball 1-1: Ball 2-1: DOUBLE (Groundball, 5L) | Batting: RHB Jose Altuve | 0-0: Ball 1-0: Called Strike 1-1: Called Strike 1-2: Ball 2-2: SINGLE (Groundball, 6MD) Mike Minor to third Runner from 3rd tries for Home, SAFE, throw made home | Batting: SHB Carlos Santana | 0-0: Ball 1-0: Fly out, F8 (Flyball, 8RM) | Batting: RHB Mitch Haniger | 0-0: Ball 1-0: Ball Jose Altuve steals 2nd base 2-0: Ball 3-0: Called Strike 3-1: Base on Balls | Batting: LHB Mike Moustakas | 0-0: Ball 1-0: Ball 2-0: Foul Ball, location: 2F 2-1: Fielders Choice at 2nd, U6 (Groundball, 4MD) | Bottom of the 5th over - 1 run, 2 hits, 0 errors, 2 left on base; St. Louis 0 - San Diego 2 | TOP OF THE 6TH |
---|
St. Louis Cardinals batting - Pitching for San Diego Padres : LHP Mike Minor | Batting: RHB Alex Bregman | 0-0: Ball 1-0: Called Strike 1-1: Called Strike 1-2: Foul Ball, location: 2F 1-2: Ball 2-2: Ball 3-2: Fly out, F8 (Flyball, 8LXD) | Batting: RHB Jose Alberto Martinez | 0-0: Called Strike 0-1: Ball 1-1: Ball 2-1: Fly out, F8 (Flyball, 8LXD) | Batting: LHB Alex Avila | 0-0: Called Strike 0-1: Foul Ball, location: 2F 0-2: Foul Ball, location: 2F 0-2: Ball 1-2: Foul Ball, location: 2F 1-2: Ball 2-2: Ball 3-2: Foul Ball, location: 2F 3-2: Ground out 1-3 (Groundball, 34S) | Top of the 6th over - 0 runs, 0 hits, 0 errors, 0 left on base; St. Louis 0 - San Diego 2 | BOTTOM OF THE 6TH |
---|
San Diego Padres batting - Pitching for St. Louis Cardinals : RHP Chris Bassitt | Pitching: LHP Fernando Abad | | Batting: LHB David Peralta | 0-0: Ball 1-0: Ball 2-0: Ball 3-0: Swinging Strike 3-1: Base on Balls | Batting: RHB Byron Buxton | 0-0: Ball 1-0: Called Strike 1-1: Ball 2-1: Fielders Choice at 2nd, 1-6 (Groundball, 13S) | Batting: RHB Russell Martin | 0-0: Ball 1-0: Ball 2-0: Called Strike 2-1: Called Strike 2-2: Strikes out swinging | Batting: RHB Christian Arroyo | 0-0: Called Strike 0-1: Ball 1-1: DOUBLE (Flyball, 8RXD) Byron Buxton to third Runner from 3rd tries for Home, SAFE, throw made home | Batting: RHB Mike Minor | 0-0: Ball 1-0: Swinging Strike 1-1: Called Strike 1-2: Foul Ball, location: 2F 1-2: Strikes out swinging | Bottom of the 6th over - 1 run, 1 hit, 0 errors, 1 left on base; St. Louis 0 - San Diego 3 | TOP OF THE 7TH |
---|
St. Louis Cardinals batting - Pitching for San Diego Padres : LHP Mike Minor | Batting: RHB Harrison Bader | 0-0: Ball 1-0: Called Strike 1-1: Called Strike 1-2: Strikes out swinging | Batting: LHB Brett Phillips | 0-0: Ball 1-0: Called Strike 1-1: Ball 2-1: Called Strike 2-2: SOLO HOME RUN (Flyball, 8LXD), Distance : 429 ft | Pitching: RHP Luis A. Garcia | | Batting: RHB Yan Gomes | 0-0: Ball 1-0: Foul Ball, location: 2F 1-1: Ball 2-1: Foul Ball, location: 2F 2-2: SINGLE (Line Drive, 9S) | Batting: RHB Adeiny Hechavarria | 0-0: Ball 1-0: Foul Ball, location: 2F 1-1: SINGLE (Groundball, 56D) Yan Gomes to second | Pinch Hitting: SHB Eduardo Escobar | 0-0: SINGLE (Line Drive, 34D) Yan Gomes to third Adeiny Hechavarria to second | Batting: SHB Ozzie Albies | 0-0: Ball 1-0: Called Strike 1-1: Grounds into fielders choice 4-2 (Groundball, 4) Adeiny Hechavarria to third Eduardo Escobar to second | Batting: RHB Alex Bregman | 0-0: Fly out, F8 (Flyball, 8RS) | Top of the 7th over - 1 run, 4 hits, 0 errors, 3 left on base; St. Louis 1 - San Diego 3 | BOTTOM OF THE 7TH |
---|
San Diego Padres batting - Pitching for St. Louis Cardinals : LHP Fernando Abad | Pitching: RHP Zac Reininger | | Batting: RHB Jose Altuve | 0-0: Ball 1-0: Swinging Strike 1-1: Ball 2-1: Fly out, F8 (Line Drive, 8RM) | Batting: SHB Carlos Santana | 0-0: Ball 1-0: Ball 2-0: Foul Ball, location: 2F 2-1: SINGLE (Groundball, 6D) | Batting: RHB Mitch Haniger | 0-0: Ball 1-0: Foul Ball, location: 2F 1-1: Called Strike 1-2: Ball 2-2: Ball 3-2: Strikes out swinging | Batting: LHB Mike Moustakas | 0-0: Ball Wild Pitch! Carlos Santana to second 1-0: Ball 2-0: Foul Ball, location: 2F 2-1: Ball 3-1: Foul Ball, location: 2F 3-2: Ground out 4-3 (Groundball, 4) | Bottom of the 7th over - 0 runs, 1 hit, 0 errors, 1 left on base; St. Louis 1 - San Diego 3 | TOP OF THE 8TH |
---|
St. Louis Cardinals batting - Pitching for San Diego Padres : RHP Luis A. Garcia | Pitching: RHP Josh Fields | | Batting: RHB Jose Alberto Martinez | 0-0: Ball 1-0: Foul Ball, location: 2F 1-1: Ball 2-1: SINGLE (Line Drive, 4MD) | Batting: LHB Alex Avila | 0-0: Called Strike 0-1: Called Strike 0-2: Strikes out swinging | Batting: RHB Harrison Bader | 0-0: Ground out 4-3 (Groundball, 34) Jose Alberto Martinez to second | Batting: LHB Brett Phillips | 0-0: Ball 1-0: Ball 2-0: Called Strike 2-1: Ball 3-1: Base on Balls | Batting: RHB Yan Gomes | 0-0: Called Strike 0-1: Ball 1-1: Foul Ball, location: 2F 1-2: Fly out, F7 (Line Drive, 7) | Top of the 8th over - 0 runs, 1 hit, 0 errors, 2 left on base; St. Louis 1 - San Diego 3 | BOTTOM OF THE 8TH |
---|
San Diego Padres batting - Pitching for St. Louis Cardinals : RHP Zac Reininger | Pitching: RHP Brad Ziegler | | Batting: LHB David Peralta | 0-0: Called Strike 0-1: Ball 1-1: Ball 2-1: Swinging Strike 2-2: Foul Ball, location: 2F 2-2: Foul Ball, location: 2F 2-2: Foul Ball, location: 2F 2-2: Foul Ball, location: 2F 2-2: SINGLE (Line Drive, 6MD) | Batting: RHB Byron Buxton | 0-0: Ball 1-0: Fielders Choice at 2nd, 5-4 (Groundball, 56) | Batting: RHB Russell Martin | 0-0: Ball 1-0: Ball 2-0: Foul Ball, location: 2F 2-1: Ball 3-1: Foul Ball, location: 2F 3-2: Fielders Choice at 2nd, 4-6 (Groundball, 34) | Batting: RHB Christian Arroyo | 0-0: Called Strike 0-1: Fielders Choice at 2nd, 6-4 (Groundball, 6) | Bottom of the 8th over - 0 runs, 1 hit, 0 errors, 1 left on base; St. Louis 1 - San Diego 3 | TOP OF THE 9TH |
---|
St. Louis Cardinals batting - Pitching for San Diego Padres : RHP Josh Fields | Pitching: RHP Archie Bradley | | Now at SS: Freddy Galvis | | Batting: RHB Adeiny Hechavarria | 0-0: Ball 1-0: Foul Ball, location: 2F 1-1: Ground out 6-3 (Groundball, 6) | Pinch Hitting: RHB Hernan Perez | 0-0: Ball 1-0: Foul Ball, location: 2F 1-1: Foul Ball, location: 2F 1-2: Fly out, F8 (Line Drive, 8LM) | Batting: SHB Ozzie Albies | 0-0: Called Strike 0-1: Called Strike 0-2: Ball 1-2: Foul Ball, location: 2F 1-2: Fly out, F7 (Flyball, 7S) | Top of the 9th over - 0 runs, 0 hits, 0 errors, 0 left on base; St. Louis 1 - San Diego 3 | |